Map: Whispers of Gold

Players

gumiho - Winner!

  • Race: Terran Terran
  • Spawn Location: 9:00

LiquidClem (Clem)

  • Race: Terran Terran
  • League: Grandmaster
  • Spawn Location: 5:00

Event: HomeStory Cup XXVI

VOD

Have the link to the VOD?

Description

Time

  • Played on: Dec. 1, 2024, 1:44 p.m.
  • Length: 13:43

All games in this series

Show
View Real Time Build Order
Export as new Build Order

gumiho Terran - Winner!

Build Orders: 1/1/1, Liberator Opening 

Get SALT Encoding   

  12  0:00  SCV  
  13  0:12  SCV  
  14  0:17  Supply Depot  
  14  0:24  SCV  
  15  0:28  Refinery  
  15  0:39  SCV  
  16  0:45  Barracks  
  16  0:51  SCV  
  16  0:56  Refinery  
  17  1:03  SCV  
  18  1:15  SCV  
  19  1:32  Orbital Command  
  19  1:33  Reaper  
  19  1:37  Factory  
  20  1:47  Supply Depot  
  20  1:58  SCV  
  21  2:05  Reaper  
  22  2:10  SCV  
  23  2:20  Starport  
  23  2:22  Hellion, SCV  
  26  2:31  Supply Depot  
  26  2:34  SCV  
  27  2:37  Reaper  
  27  2:43  Hellion  
  30  2:47  SCV  
  31  2:56  Liberator  
  34  2:59  SCV  
  34  3:04  Hellion  
  37  3:11  Barracks Tech Lab  
  36  3:17  SCV  
  35  3:31  Command Center  
  33  3:46  Fusion Core  
  33  3:47  SCV  
  34  3:54  Cyclone  
  37  3:59  SCV  
  37  4:00  Starport Tech Lab  
  38  4:11  SCV  
  38  4:12  Supply Depot  
  39  4:33  Cyclone, SCV  
  39  4:35  Refinery  
  43  4:44  Orbital Command  
  40  4:45  SCV  
  40  4:48  Refinery  
  41  4:55  Battlecruiser  
  41  4:57  SCV  
  48  5:05  Supply Depot  
  48  5:08  Cyclone  
  48  5:10  SCV  
  48  5:11  SCV  
  53  5:20  Factory  
  53  5:31  SCV x2  
  55  5:37  Mag-Field Accelerator  
  55  5:43  SCV x2  
  55  5:44  Weapon Refit  
  55  5:48  Supply Depot  
  57  5:55  SCV x2  
  59  6:07  SCV  
  57  6:21  SCV x2  
  53  6:32  Factory Tech Lab, Cyclone  
  56  6:33  Command Center, SCV x2  
  56  6:35  Starport Tech Lab  
  58  6:45  SCV x2  
  60  6:51  Supply Depot  
  60  6:52  Cyclone, Supply Depot  
  60  6:54  Factory x2  
  63  6:57  SCV x2  
  65  7:09  SCV x2  
  65  7:12  Battlecruiser, Armory  
  65  7:14  Armory  
  73  7:21  SCV x2  
  75  7:25  Cyclone x2  
  75  7:28  Engineering Bay  
  81  7:33  SCV x2  
  83  7:45  SCV x2  
  83  7:47  Factory Reactor, Orbital Command, Factory Tech Lab  
  83  7:50  Refinery  
  83  7:51  Refinery  
  85  7:57  SCV  
  85  7:58  SCV  
  87  8:08  Cyclone x2  
  87  8:09  SCV  
  87  8:10  SCV  
  95  8:14  SCV  
  95  8:18  Terran Vehicle And Ship Armor Level 1, Terran Vehicle Weapons Level 1  
  96  8:22  SCV  
  96  8:23  Siege Tank  
  96  8:25  Hellion x2  
  104  8:29  SCV  
  104  8:30  SCV  
  104  8:32  Sensor Tower  
  104  8:34  SCV  
  107  8:35  Supply Depot  
  107  8:45  Command Center  
  107  8:49  SCV  
  107  8:50  SCV  
  107  8:53  Supply Depot  
  107  8:55  Supply Depot  
  109  8:57  SCV  
  109  9:01  Supply Depot  
  110  9:07  Siege Tank x3  
  110  9:08  Hellion x2  
  115  9:10  Infernal Pre-Igniter  
  115  9:20  SCV x2, Factory  
  115  9:21  SCV, Factory  
  117  9:37  SCV  
  117  9:38  SCV x2  
  120  9:42  Siege Tank x3  
  129  9:50  Hellion x2  
  133  9:53  SCV x3  
  133  9:56  Supply Depot  
  133  9:57  Orbital Command, Supply Depot  
  136  10:02  Sensor Tower  
  136  10:05  SCV x3  
  139  10:17  Refinery  
  139  10:18  Siege Tank x2  
  139  10:19  Refinery  
  145  10:23  Terran Vehicle Weapons Level 2, Terran Vehicle And Ship Armor Level 2  
  145  10:34  Siege Tank  
  148  10:36  Hellion x2  
  148  10:37  Factory Tech Lab x2  
  152  10:50  Siege Tank  
  152  10:52  Cyclone  
  154  10:58  Hellion x2  
  158  11:06  Cyclone x3  
  167  11:13  Factory  
  167  11:14  Factory  
  165  11:19  Hellion x2  
  167  11:31  Cyclone  
  167  11:32  Cyclone  
  157  11:38  Cyclone x3  
  160  11:41  Command Center x2  
  160  11:48  Command Center  
  160  11:51  Hellion x2  
  164  12:04  Cyclone x2  
  164  12:07  Factory Reactor, Factory Tech Lab  
  170  12:17  Supply Depot  
  170  12:18  Supply Depot  
  170  12:26  Command Center  
  170  12:31  Command Center  
  170  12:35  Cyclone  
  170  12:38  Cyclone  
  170  12:39  Cyclone  
  170  12:40  Cyclone x3  
  158  13:07  Cyclone  
Show
View Real Time Build Order
Export as new Build Order

LiquidClem Terran 

Build Orders:  

Get SALT Encoding   

  12  0:00  SCV  
  13  0:12  SCV  
  14  0:17  Supply Depot  
  14  0:24  SCV  
  15  0:39  SCV  
  15  0:40  Barracks  
  16  0:45  Refinery  
  16  0:51  SCV  
  16  0:54  Refinery  
  17  1:03  SCV  
  18  1:15  SCV  
  19  1:27  Orbital Command, Barracks Reactor  
  19  1:39  Supply Depot  
  19  1:43  Factory  
  19  1:53  SCV  
  20  2:04  Reaper  
  20  2:05  SCV  
  20  2:06  Reaper  
  23  2:17  SCV  
  24  2:26  Hellion  
  26  2:31  Command Center  
  26  2:36  Reaper  
  27  2:38  Reaper  
  27  2:42  Supply Depot  
  28  2:44  SCV  
  28  2:50  Hellion  
  31  3:01  Starport  
  31  3:04  SCV  
  32  3:12  Marine x2  
  30  3:16  SCV  
  31  3:20  Factory Tech Lab  
  30  3:28  SCV  
  30  3:30  Marine x2  
  33  3:39  Cyclone  
  33  3:40  SCV  
  34  3:41  Medivac  
  34  3:44  Orbital Command  
  36  3:50  Refinery  
  36  3:54  Marine  
  34  4:04  SCV  
  35  4:11  SCV  
  35  4:16  SCV  
  37  4:18  Marine  
  37  4:23  SCV, Cyclone  
  42  4:28  SCV  
  42  4:29  Supply Depot  
  42  4:30  Marine  
  44  4:32  Starport Tech Lab  
  44  4:36  Marine, SCV  
  46  4:40  SCV  
  47  4:48  SCV  
  47  4:52  SCV  
  49  4:55  Raven  
  49  4:57  Marine x2  
  53  5:00  SCV  
  53  5:02  Supply Depot  
  53  5:04  SCV  
  55  5:10  Siege Tank  
  55  5:12  SCV  
  55  5:13  Supply Depot  
  59  5:15  Marine x2  
  59  5:16  SCV  
  59  5:20  Interference Matrix  
  62  5:24  SCV  
  63  5:28  SCV  
  64  5:36  Marine, Raven  
  64  5:37  Marine  
  64  5:41  Supply Depot, SCV  
  70  5:48  Command Center, SCV  
  70  5:56  Siege Tank, SCV  
  74  5:59  Marine x2  
  74  6:00  SCV  
  74  6:03  Supply Depot  
  77  6:08  SCV  
  71  6:12  SCV  
  71  6:17  Marine  
  70  6:20  SCV  
  70  6:22  Marine  
  70  6:23  Viking  
  70  6:24  SCV  
  70  6:32  Cyclone, SCV, Supply Depot  
  70  6:34  Marine  
  70  6:36  SCV  
  70  6:40  Marine  
  70  6:45  SCV  
  68  6:48  SCV  
  68  6:53  Marine, Viking  
  72  6:57  SCV  
  72  6:59  Marine  
  72  7:00  SCV  
  71  7:02  Orbital Command  
  71  7:06  Cyclone  
  72  7:12  SCV  
  72  7:13  SCV  
  74  7:20  Refinery  
  74  7:25  SCV  
  74  7:26  Engineering Bay, SCV  
  76  7:31  Marine  
  76  7:32  SCV  
  76  7:33  Supply Depot  
  76  7:34  Viking  
  76  7:36  Viking  
  82  7:38  SCV  
  82  7:41  SCV  
  84  7:45  Orbital Command, Supply Depot  
  84  7:50  Siege Tank  
  87  7:51  SCV  
  87  7:55  Refinery  
  87  7:57  Refinery  
  88  7:59  SCV  
  88  8:00  Starport  
  88  8:04  SCV  
  87  8:06  Viking  
  87  8:10  Viking  
  87  8:11  SCV x2  
  93  8:16  SCV  
  93  8:17  Marine  
  95  8:23  SCV x2  
  95  8:24  Missile Turret x2  
  95  8:25  Missile Turret  
  97  8:28  SCV  
  97  8:31  Missile Turret  
  97  8:35  Viking, SCV x2  
  97  8:39  Barracks Reactor  
  97  8:40  Viking, SCV  
  104  8:42  Viking  
  104  8:46  Supply Depot  
  104  8:47  SCV  
  104  8:48  SCV  
  107  8:52  SCV  
  107  8:53  Refinery  
  108  8:59  SCV  
  108  9:00  SCV  
  107  9:03  Siege Tank  
  107  9:04  SCV  
  107  9:08  Viking  
  109  9:10  Viking  
  109  9:11  SCV  
  109  9:12  Viking, SCV  
  115  9:19  Command Center  
  115  9:22  Armory  
  115  9:24  SCV  
  115  9:29  Armory  
  115  9:33  Starport  
  115  9:35  Siege Tank, SCV x2  
  115  9:36  SCV  
  114  9:39  Viking  
  114  9:40  Viking  
  118  9:47  SCV  
  118  9:52  Command Center  
  119  9:55  Viking  
  119  9:57  Viking  
  123  10:00  SCV x3  
  123  10:04  Supply Depot  
  126  10:07  Siege Tank, Supply Depot  
  126  10:09  Supply Depot  
  126  10:10  Viking  
  131  10:16  SCV x2  
  131  10:17  SCV  
  131  10:19  Supply Depot  
  133  10:23  Missile Turret  
  128  10:32  SCV  
  127  10:39  Siege Tank  
  127  10:40  Viking  
  132  10:44  SCV  
  132  10:47  Viking x2  
  132  10:48  SCV  
  132  10:49  SCV  
  137  10:56  SCV  
  138  11:00  Command Center x2  
  138  11:01  SCV  
  138  11:03  SCV  
  140  11:06  Orbital Command  
  140  11:08  Refinery  
  139  11:13  Liberator  
  139  11:14  Refinery  
  139  11:15  Viking, SCV  
  145  11:20  Viking  
  145  11:24  SCV  
  145  11:25  Siege Tank, SCV  
  142  11:27  Viking  
  142  11:29  Viking  
  142  11:31  SCV  
  138  11:33  SCV  
  138  11:36  SCV  
  138  11:37  SCV  
  141  11:42  Refinery  
  139  11:49  Armory  
  139  11:51  Armory, SCV  
  139  11:53  SCV  
  140  11:54  SCV  
  140  11:55  SCV  
  140  11:57  Siege Tank  
  145  12:03  Refinery  
  145  12:06  Orbital Command  
  144  12:10  SCV  
  144  12:11  Engineering Bay  
  144  12:13  Orbital Command x2  
  145  12:16  Starport Tech Lab  
  145  12:19  SCV x2  
  147  12:24  Refinery  
  147  12:26  Viking x2  
  147  12:28  Liberator  
  147  12:29  Siege Tank  
  157  12:33  Liberator  
  157  12:34  SCV  
  146  12:40  SCV  
  146  12:41  SCV  
  127  12:45  Viking  
  127  12:48  SCV x2  
  127  12:50  SCV  
  127  12:51  SCV  
  98  13:01  Siege Tank  
Tags
 
Add a new tag
Caveats
  • Supply blocks, unpowered buildings, or Contaminate may cause inaccurate times.
  • Supply counts are checked every 10 seconds.